Map: Cyber Forest LE

Players

Lambo - Winner!

  • Race: Zerg Zerg
  • League: Master
  • Spawn Location: 11:00

Reynor

  • Race: Zerg Zerg
  • League: Master
  • Spawn Location: 5:00

VOD

Have the link to the VOD?

Description

Time

  • Played on: Jan. 25, 2019, 10:20 a.m.
  • Length: 7:08
Show
View Real Time Build Order
Export as new Build Order

Lambo Zerg - Winner!

Build Orders: Pool First 

Get SALT Encoding   

  12  0:18  Spawning Pool  
  11  0:23  Drone  
  11  0:27  Drone  
  13  0:32  Drone  
  14  0:41  Overlord  
  14  1:04  Zergling x2  
  14  1:05  Zergling x2  
  14  1:06  Zergling x2  
  17  1:16  Zergling x2  
  18  1:20  Hatchery  
  17  1:27  Zergling x2  
  18  1:36  Queen  
  20  1:40  Drone  
  21  1:49  Overlord  
  22  2:01  Drone  
  22  2:12  Drone, Queen  
  25  2:22  Drone  
  26  2:34  Drone x2  
  28  2:37  Queen  
  28  2:43  Drone  
  31  2:46  Drone x2  
  31  2:49  Queen  
  35  2:55  Overlord  
  35  3:01  Drone  
  36  3:06  Extractor  
  36  3:07  Extractor  
  36  3:08  Drone x2  
  36  3:15  Drone x3  
  36  3:18  Drone  
  40  3:22  Drone x2  
  40  3:26  Drone x2  
  44  3:34  Evolution Chamber  
  43  3:39  Roach Warren  
  43  3:41  Drone  
  43  3:44  Extractor  
  43  3:46  Drone  
  43  3:48  Drone  
  43  3:52  Overlord  
  44  3:56  Metabolic Boost  
  44  4:05  Overlord  
  44  4:07  Overlord  
  43  4:21  Overlord  
  43  4:22  Roach  
  43  4:23  Roach x2  
  49  4:25  Roach  
  49  4:29  Roach  
  53  4:33  Baneling Nest  
  53  4:36  Roach  
  55  4:42  Roach  
  57  4:46  Roach  
  57  4:49  Roach  
  57  4:52  Roach x2  
  65  4:55  Overlord  
  65  4:58  Roach  
  67  5:03  Roach  
  69  5:08  Zergling x6  
  69  5:14  Zergling x6  
  74  5:18  Zergling x4  
  77  5:22  Zergling x4  
  77  5:28  Baneling Nest  
  77  5:31  Roach  
  77  5:33  Zergling x2  
  77  5:35  Zergling x2  
  81  5:38  Roach  
  83  5:44  Zergling x2  
  83  5:47  Overlord  
  83  6:01  Roach  
  83  6:09  Ravager x4, Overlord  
  87  6:13  Baneling x3  
  87  6:14  Zergling x8  
  91  6:26  Zergling x2  
  91  6:31  Zergling x6  
  93  6:35  Zergling x2  
  83  6:41  Zergling x2  
  83  6:44  Zergling x8  
  66  7:06  Ravager  
Show
View Real Time Build Order
Export as new Build Order

Reynor Zerg 

Build Orders: Hatch First 

Get SALT Encoding   

  12  0:00  Drone  
  13  0:13  Overlord  
  13  0:17  Drone  
  14  0:31  Drone x2  
  17  0:35  Drone  
  17  0:53  Hatchery  
  17  0:56  Drone  
  17  0:59  Drone  
  18  1:07  Drone  
  18  1:10  Extractor  
  18  1:19  Spawning Pool  
  18  1:22  Drone  
  18  1:28  Drone  
  19  2:05  Zergling x2  
  19  2:06  Zergling x6  
  19  2:07  Queen  
  27  2:17  Overlord  
  27  2:18  Zergling x2  
  26  2:33  Metabolic Boost  
  26  2:36  Zergling x2  
  27  2:47  Drone  
  27  2:49  Queen  
  30  2:56  Hatchery  
  29  2:59  Drone  
  30  3:06  Overlord  
  30  3:14  Evolution Chamber, Drone  
  30  3:27  Drone x3  
  33  3:36  Drone  
  34  3:48  Drone  
  35  3:58  Drone  
  36  4:07  Drone x2  
  36  4:09  Drone  
  39  4:13  Overlord  
  39  4:14  Hatchery  
  39  4:17  Drone  
  39  4:19  Drone  
  39  4:31  Zergling x4  
  41  4:39  Zergling x6  
  41  4:40  Zergling x6  
  41  4:45  Zergling x2, Roach Warren  
  46  4:50  Zergling x2  
  48  4:53  Overlord  
  48  5:10  Overlord  
  48  5:14  Spine Crawler x2  
  46  5:26  Roach  
  46  5:27  Roach x7  
  62  5:34  Roach x2  
  65  5:38  Roach x2  
  65  5:42  Roach  
  71  5:43  Zergling x2  
  71  5:55  Roach  
  73  5:57  Zergling x2  
  73  5:59  Overlord  
  73  6:07  Overlord  
  73  6:17  Overlord  
  76  6:26  Overlord  
  76  6:28  Roach x2  
  76  6:29  Queen  
  82  6:35  Zergling x2  
  82  6:39  Zergling x6  
  66  6:45  Zergling x2  
  59  6:49  Zergling x2  
Tags
 
Add a new tag
Caveats
  • Supply blocks, unpowered buildings, or Contaminate may cause inaccurate times.
  • Supply counts are checked every 10 seconds.